 Dungeon Crawl Stone Soup version 0.19.1-1-g22dce08 (webtiles) character file.

35 M4edhros the Sneak (level 3, -6/23 HPs)
             Began as an Octopode Artificer on Dec 31, 2016.
             Killed from afar by Natasha (7 damage)
             ... with a magic dart
             ... on level 2 of the Dungeon.
             The game lasted 00:00:43 (611 turns).

M4edhros the Sneak (Octopode Artificer)              Turns: 611, Time: 00:00:44

Health: -6/23      AC:  1    Str: 11    XL:     3   Next: 33%
Magic:  5/5        EV: 19    Int: 13    God:
Gold:   42         SH:  0    Dex: 18    Spells: 0 memorised, 2 levels left

rFire  . . .     SeeInvis .     a - +0 short sword
rCold  . . .     Gourm    .     (no shield)
rNeg   . . .     Faith    .     (helmet restricted)
rPois  .         Spirit   .     (no amulet)
rElec  .         Reflect  .     (no ring)
rCorr  .         Harm     .     (no ring)
MR     .....                    (no ring)
Stlth  +++++.....               (no ring)
                                (no ring)
                                (no ring)
                                (no ring)
                                (no ring)

@: agile
A: almost no armour, stealthy swim, amphibious, 8 rings, constrict 8, camouflage
1, gelatinous body 1
a: no special abilities


You were on level 2 of the Dungeon.
You were not hungry.

You visited 1 branch of the dungeon, and saw 3 of its levels.

You collected 42 gold pieces.

Inventory:

Hand Weapons
 a - a +0 short sword (weapon)
Wands
 b - a wand of flame (13/48)
 c - a wand of enslavement (15/24)
 d - a wand of random effects (14/48)
Scrolls
 e - a scroll of amnesia {unknown}
 g - 2 scrolls of fear {unknown}
 h - 2 scrolls of identify {unknown}
 k - a scroll of blinking {unknown}
Potions
 j - a potion of ambrosia {unknown}
 l - a potion of cancellation {unknown}
 m - a potion of lignification {unknown}
Comestibles
 f - a bread ration


   Skills:
 - Level 1.0 Fighting
 - Level 1.0 Short Blades
 - Level 2.0 Dodging
 + Level 4.5 Stealth
 - Level 3.2 Evocations


You had 2 spell levels left.
You didn't know any spells.

Dungeon Overview and Level Annotations

Branches:
Dungeon (3/15)

Altars:

Annotations:
D:3 Natasha


Innate Abilities, Weirdness & Mutations

You cannot wear most types of armour.
You are very stealthy in the water. (Stealth+)
You are amphibious.
You can wear up to eight rings at the same time.
You can use your tentacles to constrict eight enemies at once.
Your skin changes colour to match your surroundings (Stealth+).
Your rubbery body absorbs attacks. (AC +1, EV +1)


Message History

There is a stone staircase leading up here.
There are monsters nearby!
Evoke which item? (* to show all) (? for menu, Esc to quit)
Zapping:
d - a wand of random effects (15/48)
Press: ? - help, Shift-Dir - straight line, f - Natasha
Aim: Natasha Natasha flickers and vanishes!
Deactivating autopickup; reactivate with Ctrl-A.
This wand has 14 charges left.
Something claws you!
You climb upwards.
There is a stone staircase leading down here.
You start resting.
Something claws you.
* * * LOW HITPOINT WARNING * * *
It was a potion of agility.
You feel agile all of a sudden.
You hear some strange, mumbled words.
A magic dart appears from out of thin air!
The magic dart hits you!
You die...

#..#.#.........+......#
#.)#.#.##...#.##......#
#..#........#..........
#........†..#.....### #
#.[.#.>...........#
#.#..........##.....#
#.#
#.#.#....###...####.###
#.# .........#
##.†####.# #.#
###.#....# #.@.....#
#.#
#.......############
#.# #...........# #.#
#....)......# #.###
#...........# #....
#...........# #....
####...........# #.###
...)...........# #.###
#####..........# #....


There were no monsters in sight!

Vanquished Creatures
  An adder (D:2)
  A worm (D:2)
  2 dart slugs (D:2)
  3 goblins
  2 hobgoblins (D:2)
  A bat (D:1)
  2 frilled lizards
  4 kobolds
  4 rats (D:2)
20 creatures vanquished.

Notes
Turn   | Place    | Note
-------+----------+-------------------------------------------
     0 | D:1      | M4edhros the Octopode Artificer began the quest for the Orb.
     0 | D:1      | Reached XP level 1. HP: 13/13 MP: 3/3
    74 | D:1      | Reached skill level 2 in Stealth
   195 | D:2      | Reached XP level 2. HP: 18/18 MP: 4/4
   224 | D:2      | Reached skill level 3 in Stealth
   355 | D:2      | Reached skill level 4 in Stealth
   363 | D:2      | Reached XP level 3. HP: 22/23 MP: 5/5
   606 | D:3      | Noticed Natasha
   610 | D:2      | HP: 1/23 [something (6)]
   611 | D:2      | Killed from afar by Natasha

Skill      XL: |  1  2 |
---------------+-------+-----
Stealth        | 2 4 |  4.5
Fighting       | |  1.0
Short Blades   | |  1.0
Dodging        | |  2.0
Evocations     | |  3.2

Action                   || total
-------------------------++-------
Melee: Short sword       ||    33
       Constrict         ||    10
       Tentacles         ||     3
Evoke: Wand              ||     3
  Use: Potion            ||     1
 Stab: Sleeping          ||     6
Dodge: Dodged            ||    15
